 Dungeon Crawl Stone Soup version 0.30-a0-857-gcaf70739d4 (webtiles) character file.

Game seed: 7994644001607001745

182 Newt the Shooter (level 5, -6/35 HPs)
             Began as a Kobold Hunter on Mar 5, 2023.
             Succumbed to a scorpion's poison
             ... on level 3 of the Dungeon.
             The game lasted 00:01:25 (2418 turns).

Newt the Shooter (Kobold Hunter)                    Turns: 2418, Time: 00:01:25

Health: -6/35      AC:  3    Str:  8    XL:     5   Next: 93%
Magic:  5/5        EV: 14    Int: 11    God:
Gold:   145        SH:  5    Dex: 20    Spells: 4/4 levels left

rFire   . . .      SeeInvis .    a - +0 shortbow
rCold   . . .      Faith    .    (shield currently unavailable)
rNeg    . . .      Spirit   .    c - +0 leather armour
rPois   .          Reflect  +    (no helmet)
rElec   .          Rampage  .    (no cloak)
rCorr   .                        (no gloves)
Will    .....                    (no boots)
Stlth   +++                      f - amulet of reflection
HPRegen 0.25/turn                (no ring)
MPRegen 0.09/turn                (no ring)

@: lethally poisoned (-6 -> -38), studying Axes
A: small, no large weapons, nightstalker 3
a: no special abilities


You were on level 3 of the Dungeon.
You visited 1 branch of the dungeon, and saw 3 of its levels.

You collected 145 gold pieces.

Inventory:

Hand Weapons
 a - a +0 shortbow (weapon)
Armour
 c - a +0 leather armour (worn)
Jewellery
 f - an amulet of reflection (around neck)
 i - an amulet of faith
Scrolls
 b - a scroll of immolation
 g - 2 scrolls of teleportation
 h - a scroll of noise
 l - a scroll of enchant armour
Potions
 e - a potion of brilliance
 j - a potion of magic
 k - a potion of heal wounds {unknown}


   Skills:
 - Level 5.0 Fighting
 + Level 6.9 Ranged Weapons
 - Level 2.4 Dodging
 - Level 1.3 Stealth


You had 4 spell levels left.
You didn't know any spells.
Your spell library was empty.

Dungeon Overview and Level Annotations

Branches:
Dungeon (3/15)

Altars:

Annotations:
D:2 1 runed translucent door, Crazy Yiuf


Innate Abilities, Weirdness & Mutations

You are small and have problems with some larger weapons.
You are completely attuned to the shadows.


Message History

The scorpion moves out of view.
You shoot an arrow. The arrow hits the iguana.
The iguana is heavily wounded.
An orc comes into view. It is wielding a +0 flail.
The iguana misses you.
You shoot an arrow.
The arrow hits the iguana but does no damage.
The iguana is heavily wounded.
The iguana closely misses you.
You shoot an arrow. The arrow hits the iguana.
The iguana is severely wounded.
You block the iguana's attack.
You shoot an arrow. The arrow hits the iguana!
You kill the iguana!
The scorpion stings you.
You are poisoned.
The scorpion poisons you! The scorpion barely misses you.
You shoot an arrow.
The arrow hits the scorpion but does no damage.
You feel sick. The scorpion stings you.
You shoot an arrow. The arrow closely misses the scorpion.
You feel sick. The scorpion barely misses you. The scorpion stings you.
You are more poisoned.
The scorpion poisons you!
You shoot an arrow. The arrow hits the scorpion.
The scorpion is moderately wounded.
You feel very sick. The scorpion misses you.
You shoot an arrow. The arrow hits the scorpion.
The scorpion is heavily wounded.
You feel very sick. The scorpion stings you.
* * * LOW HITPOINT WARNING * * *
You are more poisoned.
The scorpion poisons you! The scorpion stings you.
* * * LOW HITPOINT WARNING * * *
You are more poisoned.
The scorpion poisons you!
You shoot an arrow. The arrow barely misses the scorpion.
You die...

.. #.# #.. #.#
#.# #.#
#.†###.###.
#.#@#......
#s##<.####
####o##..#####
..............
####.#..######
#.#..# #.#..#
#.#..# #..#


You could see a scorpion and an orc.

Vanquished Creatures
  Jessica (D:2)
  An iguana (D:3)
  Robin (D:2)
  4 gnolls (D:2)
  2 adders (D:2)
  2 worms (D:2)
  5 bats (D:1)
  4 endoplasms
  7 goblins
  8 hobgoblins
  4 jackals (D:2)
  5 kobolds (D:1)
  A quokka (D:2)
  5 ball pythons
  A frilled lizard (D:2)
  7 rats
58 creatures vanquished.

Notes
Turn   | Place    | Note
-------+----------+-------------------------------------------
     0 | D:1      | Newt the Kobold Hunter began the quest for the Orb.
     0 | D:1      | Reached XP level 1. HP: 12/12 MP: 1/1
   386 | D:1      | Reached XP level 2. HP: 18/18 MP: 2/2
   696 | D:1      | Reached XP level 3. HP: 16/23 MP: 3/3
  1264 | D:2      | Noticed Jessica
  1363 | D:2      | Reached XP level 4. HP: 27/30 MP: 4/4
  1382 | D:2      | Reached skill level 5 in Fighting
  1521 | D:2      | Noticed Robin
  1526 | D:2      | Killed Robin
  1527 | D:2      | Reached XP level 5. HP: 35/35 MP: 5/5
  1626 | D:2      | Killed Jessica
  1627 | D:2      | Reached skill level 6 in Ranged Weapons
  1876 | D:2      | Found a runed translucent door.
  1879 | D:2      | Noticed Crazy Yiuf
  2418 | D:3      | Succumbed to a scorpion's poison

Illustrated notes

Levels and vault maps discovered:
D:1:      arrival_zaba_pyramid, layout_basic, minmay_misc_feat_secret_circle
D:2:      layout_basic, hangedman_abyss_or_decor_stabs, uniq_crazy_yiuf_cottage,
          uniq_robin, uniq_jessica
D:3:      layout_loops_ring, serial_shops, nicolae_shop_statue_plus,
          eino_tiny_chamber

Skill      XL: |  1  2  3  4  5 |
---------------+----------------+-----
Fighting       | 3 4 5 |  5.0
Ranged Weapons | 6 |  6.9
Dodging        | |  2.4
Stealth        | |  1.3

Action                     |  1- 3 |  4- 6 || total
---------------------------+-------+-------++-------
   Fire: Shortbow          |    61 |    89 ||   150
    Use: Scroll            |     3 |     3 ||     6
 Armour: Leather armour    |     6 |     7 ||    13
  Dodge: Dodged            |    16 |    50 ||    66
  Block: Other             |       |    18 ||    18
         Reflection        |       |     1 ||     1

Table legend: (Time is in decaauts)
 A = Elapsed time spent in this place.
 B = Non-inter-level travel time spent in this place.
 C = Inter-level travel time spent in this place.
 D = Time resting spent in this place.
 E = Time spent auto-exploring this place.
 F = Levels seen in this place.
 G = Mean time per level.
                   A        B        C        D        E       F      G
               +--------+--------+--------+--------+--------+-----+--------+
         Total |   2458 |   2392 |     66 |     62 |   2050 |   3 |  819.3 |
       Dungeon |   2458 |   2392 |     66 |     62 |   2050 |   3 |  819.3 |
               +--------+--------+--------+--------+--------+-----+--------+

Top non-repeatable levels by time:
     D:1: 1216 daAuts
     D:2: 1213 daAuts
     D:3: 28 daAuts
